 Dungeon Crawl Stone Soup version 0.32-a0-314-g526f7d4993 (webtiles) character file.

Game seed: 3219938540462334440

11237 Drazool the Cleaver (level 11, -1/94 HPs)
             Began as a Mountain Dwarf Fire Elementalist on Feb 15, 2024.
             Was a Priest of Sif Muna.
             Slain by a three-headed hydra (6 damage)
             ... on level 1 of the Lair of Beasts.
             The game lasted 00:36:24 (12936 turns).

Drazool the Cleaver (MDFE)                         Turns: 12936, Time: 00:36:26

Health: -1/94      AC: 14    Str: 13    XL:     11   Next: 46%
Magic:  18/18      EV:  9    Int: 24    God:    Sif Muna [***...]
Gold:   315        SH:  0    Dex: 10    Spells: 10/20 levels left

rFire   . . .        b - +2 hand axe (flame)
rCold   + . .        (no shield)
rNeg    . . .        w - +2 scale mail {rC+}
rPois   +            p - +0 helmet
rElec   .            (no cloak)
rCorr   .            A - +0 pair of gloves
SInv    .            r - +1 pair of boots
Will    +....        (no amulet) Stlth
                     I - +6 ring of intelligence
HPRegen 0.35/turn    P - ring of poison resistance
MPRegen 0.16/turn

%: no passive effects
@: no status effects
A: runic magic, artefact enchanting
a: Renounce Religion, Channel Magic, Forget Spell


You were on level 1 of the Lair of Beasts.
You worshipped Sif Muna.
Sif Muna was most pleased with you.
You visited 3 branches of the dungeon, and saw 12 of its levels.

You collected 609 gold pieces.
You spent 294 gold pieces at shops.


Innate Abilities, Weirdness & Mutations

Your spellcasting is much less encumbered by armour.
You can use scrolls of enchantment on lesser artefacts.


   Skills:
 - Level 8.0 Fighting
 - Level 12.5 Axes
 + Level 7.1 Armour
 - Level 2.0 Dodging
 - Level 1.4 Stealth
 - Level 5.0 Spellcasting
 - Level 5.0 Conjurations
 - Level 3.0 Translocations
 - Level 7.0 Fire Magic
 - Level 6.0 Invocations


You had 10 spell levels left.
You knew the following spells:

 Your Spells              Type           Power      Damage    Failure   Level
f - Foxfire               Conj/Fire      100%       2x1d9     1%          1
X - Scorch                Fire           78%        2d8       1%          2
Y - Volatile Blastmotes   Fire/Tloc      60%        2d15      4%          3
Z - Flame Wave            Conj/Fire      34%        2d10      10%         4

Your spell library contained the following spells:

 Spells                   Type           Power      Damage    Failure   Level
 Sting                    Conj/Alch      72%        1d7       4%          1
 Inner Flame              Hex/Fire       22%        N/A       9%          3
 Summon Small Mammal      Summ           24%        N/A       12%         1
 Hailstorm                Conj/Ice       18%        3d7       13%         3
 Stone Arrow              Conj/Erth      36%        3d9       13%         3
 Cigotuvi's Dreadful Rot  Necr/Alch/Air  12%        N/A       19%         2
 Mercury Vapours          Alch/Air       12%        N/A       19%         2
 Summon Blazeheart Golem  Fire/Summ      22%        N/A       28%         4
 Call Canine Familiar     Summ           6%         N/A       34%         3
 Frozen Ramparts          Ice            12%        1d2       34%         3
 Summon Ice Beast         Ice/Summ       6%         N/A       34%         3
 Animate Armour           Summ/Erth      12%        N/A       75%         4
 Dispel Undead            Necr           6%         3d8       75%         4
 Leda's Liquefaction      Alch/Erth      3%         N/A       75%         4
 Martyr's Knell           Necr/Summ      6%         N/A       75%         4
 Olgreb's Toxic Radiance  Alch           6%         N/A       75%         4
 Petrify                  Alch/Erth      6%         N/A       75%         4
 Irradiate                Conj/Alch      9%         3d14      75%         5
 Lee's Rapid Deconstruct  Erth           3%         3d5*      97%         5
 Metabolic Englaciation   Hex/Ice        3%         N/A       97%         5
 Bombard                  Conj/Erth      9%         9d2       100%        6
 Death Channel            Necr           3%         N/A       100%        6
 Sculpt Simulacrum        Ice/Alch       3%         N/A       100%        6
 Ignition                 Fire           19%        3d7       100%        8
 Lehudib's Crystal Spear  Conj/Erth      9%         10d4      100%        8

Inventory:

Hand Weapons
 a - the +1 battleaxe of Instinct {venom, +Blink rElec rC+++ Will+}
   (You found it on level 3 of the Dungeon)

   rC+++:     It renders you almost immune to cold.
   rElec:     It insulates you from electricity.
   Will+:     It increases your willpower.
   +Blink:    It lets you blink.
 b - a +2 hand axe of flaming (weapon)
Missiles
 e - 9 curare-tipped darts {=f}
Armour
 p - a +0 helmet (worn)
 r - a +1 pair of boots (worn)
 w - a +2 scale mail of cold resistance (worn)
 A - a +0 pair of gloves (worn)
Magical Staves
 l - a staff of earth {!a}
 s - a staff of conjuration {!a}
Jewellery
 D - a +6 ring of dexterity
 F - a ring of protection from fire
 I - a +6 ring of intelligence (left hand)
 P - a ring of poison resistance (right hand)
Wands
 t - a wand of flame (13)
 u - a wand of mindburst (9)
Scrolls
 h - 2 scrolls of immolation
 q - 2 scrolls of fog
 v - 2 scrolls of amnesia
 y - 2 scrolls of vulnerability
Potions
 g - 2 potions of resistance
 j - a potion of attraction
 k - 2 potions of lignification
 m - a potion of mutation
 n - a potion of cancellation
 z - a potion of brilliance
 C - a potion of magic

Dungeon Overview and Level Annotations

Branches:
Dungeon (10/15)            Temple (1/1) D:4            Lair (1/5) D:9
    Orc: D:9-12

Altars:
Ashenzari
Cheibriados
Dithmenos
Elyvilon
Fedhas
Gozag
Hepliaklqana
Kikubaaqudgha
Makhleb
Nemelex Xobeh
Okawaru
Qazlal
Ru
Sif Muna
Trog
Uskayaw
Vehumet
Wu Jian
Xom
Yredelemnul
Zin
The Shining One

Shops:
D:3 (   D:6 ![(

Annotations:
D:3 1 runed translucent door, Crazy Yiuf
D:6 2 transporters, Splishie's ghost, novice DrSh

............b....b.b....
......................§.
......................##
.....................##
########.###P........##
### ##........P#
##...(....# ##§..§...##
#D@÷..>..P# ##.......##
#.......# #...F...#
#.......# #.......#
#........ #.......#


You could see a three-headed hydra and a blink frog.


Message History

The blink frog blinks!
The five-headed hydra bites you but does no damage.
The five-headed hydra closely misses you.
The five-headed hydra bites you but does no damage.
The five-headed hydra bites you!
* * * LOW HITPOINT WARNING * * *
The five-headed hydra barely misses you.
You lop one of the five-headed hydra's heads off!
The flame cauterises the wound!
You hit the four-headed hydra. You burn the four-headed hydra.
The four-headed hydra is moderately wounded.
The blink frog blinks!
Unknown command.
You hack one of the four-headed hydra's heads off!
The flame cauterises the wound!
You hit the three-headed hydra. You burn the three-headed hydra.
The three-headed hydra is heavily wounded.
The three-headed hydra closely misses you.
The three-headed hydra bites you!
* * * LOW HITPOINT WARNING * * *
The three-headed hydra bites you!
* * * LOW HITPOINT WARNING * * *
Unknown command.
You hit the three-headed hydra. You burn the three-headed hydra.
The three-headed hydra is heavily wounded.
The three-headed hydra bites you.
* * * LOW HITPOINT WARNING * * *
The three-headed hydra bites you but does no damage.
The three-headed hydra bites you.
You die...

Skill      XL: |  1  2  3  4  5  6  7  8  9 10 11 |
---------------+----------------------------------+-----
Conjurations   | 1 2 3 4 5 |  5.0
Spellcasting   | 2 3 4 5 |  5.0
Fire Magic     | 4 5 7 |  7.0
Fighting       | 1 2 3 4 6 7 8 |  8.0
Dodging        | 2 |  2.0
Translocations | 2 3 |  3.0
Axes           | 3 5 8 12 | 12.5
Invocations    | 1 2 6 |  6.0
Armour         | 4 6 7 |  7.1
Stealth        | |  1.4

Action                     |  1- 3 |  4- 6 |  7- 9 | 10-12 || total
---------------------------+-------+-------+-------+-------++-------
  Melee: Dagger            |     9 |     4 |       |       ||    13
         Battleaxe         |       |    22 |    75 |   136 ||   233
         Hand axe          |       |       |       |     5 ||     5
  Throw: Dart              |       |       |       |     1 ||     1
   Cast: Foxfire           |    57 |   116 |   171 |    88 ||   432
         Scorch            |     2 |    16 |    30 |    11 ||    59
         Volatile Blastmot |       |       |     6 |     3 ||     9
         Flame Wave        |       |       |     1 |     2 ||     3
  Evoke: Wand              |       |       |       |     3 ||     3
    Use: Scroll            |       |     6 |    14 |     7 ||    27
         Potion            |       |       |     5 |     3 ||     8
 Armour: Robe              |    12 |     9 |       |       ||    21
         Ring mail         |       |    27 |    19 |       ||    46
         Scale mail        |       |       |   108 |   219 ||   327
  Dodge: Dodged            |    11 |    20 |    77 |   115 ||   223

Levels and vault maps discovered:
D:1:      dpeg_arrival_subterranean_lakeside_camping, layout_basic
D:2:      layout_rooms, dilly_ecumenical_altar_fadedgnrine,
          minmay_misc_feat_secret_circle
D:3:      layout_basic, serial_shops, shop, st_stairs_5, minmay_misc_feat_tower,
          uniq_jessica, uniq_crazy_yiuf_cottage, uniq_robin
D:4:      layout_loops_ring, nicolae_overflow_hidden_temple,
          minmay_temple_entry_arrows, wad_floor_pattern_2,
          minmay_misc_feat_nine_boxes
D:5:      layout_loops_ring, hangedman_abyss_or_decor_lesser_grid, st_stairs_2,
          kennysheep_cross_room
D:6:      layout_cave_pools, gammafunk_ghost_stat_death,
          nicolae_wooded_promenade, uniq_menkaure, uniq_eustachio
D:7:      layout_basic, mainiacjoe_overflow_chevrons
D:8:      layout_loops_ring, minivault_19
D:9:      layout_long_grid, lair_entry_dummy, uniq_grum
D:10:     layout_basic, chequers_serial_rivers_room_a
Temple:   dpeg_three_leaves_temple
Lair:1:   layout_big_grid, chequers_serial_rivers_large_a

Notes
Turn   | Place    | Note
-------+----------+-------------------------------------------
     0 | D:1      | Drazool the Mountain Dwarf Fire Elementalist began the
                  | quest for the Orb.
     0 | D:1      | Reached XP level 1. HP: 14/14 MP: 3/3
    14 | D:1      | Reached skill level 1 in Conjurations
   104 | D:1      | Reached XP level 2. HP: 20/20 MP: 1/4
   106 | D:1      | Reached skill level 2 in Conjurations
   339 | D:1      | Learned a level 2 spell: Scorch
   354 | D:1      | Reached skill level 2 in Spellcasting
   382 | D:1      | Reached XP level 3. HP: 26/26 MP: 2/6
   821 | D:1      | Reached skill level 3 in Conjurations
  1165 | D:1      | Reached skill level 4 in Fire Magic
  1456 | D:2      | Learned a level 3 spell: Volatile Blastmotes
  1466 | D:2      | Reached skill level 1 in Fighting
  1519 | D:2      | Reached XP level 4. HP: 35/35 MP: 4/7
  1906 | D:2      | Found a faded altar of an unknown god.
  2008 | D:3      | Reached skill level 2 in Fighting
  2205 | D:3      | Noticed Robin
  2212 | D:3      | Reached skill level 2 in Dodging
  2343 | D:3      | Killed Robin
  2344 | D:3      | Reached XP level 5. HP: 41/41 MP: 2/8
  2520 | D:3      | Reached skill level 1 in Translocations
  2627 | D:3      | Identified the +0 battleaxe of Instinct {venom, +Blink
                  | rElec rC+++ Will+}
  2674 | D:3      | Found Loevoyt's Weapon Boutique.
  2855 | D:3      | Reached skill level 2 in Translocations
  2971 | D:3      | Noticed Jessica
  2975 | D:3      | Killed Jessica
  3061 | D:3      | Found a runed translucent door.
  3062 | D:3      | Noticed Crazy Yiuf
  3281 | D:4      | Noticed an ogre
  3282 | D:4      | Found a staircase to the Ecumenical Temple.
  3288 | Temple   | Entered the Ecumenical Temple
  3293 | Temple   | Became a worshipper of Sif Muna the Loreminder
  3334 | D:3      | Reached XP level 6. HP: 13/48 MP: 1/10
  3474 | D:4      | Reached skill level 3 in Spellcasting
  3484 | D:3      | Reached skill level 1 in Axes
  3765 | D:4      | Reached skill level 2 in Axes
  3919 | D:4      | Reached skill level 3 in Axes
  4042 | D:4      | Found a shimmering altar of Xom.
  4043 | D:4      | Found an opulent altar of Gozag.
  4045 | D:4      | Found a white marble altar of Elyvilon.
  4335 | D:4      | Reached skill level 5 in Fire Magic
  4423 | D:5      | Entered Level 5 of the Dungeon
  4427 | D:5      | Identified 2 potions of resistance
  4588 | D:5      | Reached skill level 3 in Fighting
  4588 | D:5      | Reached skill level 1 in Invocations
  4588 | D:5      | Reached XP level 7. HP: 39/57 MP: 9/11
  4762 | D:5      | Reached skill level 2 in Invocations
  4762 | D:5      | Reached skill level 2 in Armour
  4864 | D:5      | Reached * piety under Sif Muna
  4865 | D:5      | Reached skill level 3 in Armour
  5153 | D:5      | Reached skill level 4 in Armour
  5335 | D:5      | Reached skill level 3 in Translocations
  5335 | D:5      | Reached XP level 8. HP: 63/63 MP: 9/12
  5602 | D:6      | Noticed Eustachio
  5613 | D:6      | Killed Eustachio
  5614 | D:6      | Reached skill level 4 in Axes
  5620 | D:6      | Reached skill level 5 in Axes
  5749 | D:6      | Reached skill level 4 in Fighting
  5900 | D:6      | Reached skill level 6 in Fire Magic
  6107 | D:6      | Reached skill level 7 in Fire Magic
  6129 | D:6      | Found Hacsuy's Antique Weapon Shoppe.
  6131 | D:6      | Found Nuofach's Armour Emporium.
  6145 | D:6      | Found Tetsas's Distillery.
  6148 | D:6      | Reached skill level 4 in Spellcasting
  6220 | D:6      | Bought a +2 scale mail of cold resistance for 294 gold
                  | pieces
  6476 | D:6      | Noticed Menkaure
  6480 | D:6      | Killed Menkaure
  6481 | D:6      | Reached skill level 4 in Conjurations
  6481 | D:6      | Reached XP level 9. HP: 62/71 MP: 10/15
  6521 | D:6      | Noticed Splishie's ghost (novice DrSh)
  6540 | D:6      | Reached ** piety under Sif Muna
  6565 | D:6      | Found a transporter.
  6575 | D:6      | Found a transporter.
  6716 | D:7      | Found a radiant altar of Vehumet.
  6763 | D:7      | Reached skill level 5 in Armour
  7656 | D:8      | Reached skill level 6 in Armour
  7746 | D:8      | Reached skill level 3 in Invocations
  7830 | D:8      | Reached skill level 4 in Invocations
  8064 | D:8      | Reached skill level 5 in Invocations
  8402 | D:8      | Reached skill level 6 in Invocations
  8685 | D:8      | Reached skill level 5 in Fighting
  8842 | D:9      | Learned a level 4 spell: Flame Wave
  8879 | D:9      | Reached skill level 6 in Fighting
  8879 | D:9      | Reached skill level 6 in Axes
  9065 | D:9      | Noticed a kobold demonologist
  9066 | D:9      | Noticed a kobold demonologist
  9100 | D:9      | Killed a kobold demonologist
  9101 | D:9      | Reached skill level 7 in Axes
  9102 | D:9      | Noticed a kobold demonologist
  9115 | D:10     | Entered Level 10 of the Dungeon
  9358 | D:10     | Noticed a two-headed ogre
  9374 | D:10     | Killed a two-headed ogre
  9375 | D:10     | Reached skill level 8 in Axes
  9375 | D:10     | Reached XP level 10. HP: 34/83 MP: 4/16
  9591 | D:10     | Reached skill level 9 in Axes
  9848 | D:9      | Reached *** piety under Sif Muna
 10004 | D:9      | Noticed a sun demon
 10008 | D:9      | Noticed a sixfirhy
 10015 | D:9      | Reached skill level 10 in Axes
 10448 | D:9      | Reached skill level 11 in Axes
 10565 | D:9      | Found a staircase to the Lair.
 10626 | D:9      | Noticed Grum
 10634 | D:9      | Killed Grum
 10923 | Lair:1   | Entered Level 1 of the Lair of Beasts
 10957 | Lair:1   | Reached skill level 12 in Axes
 11120 | Lair:1   | Noticed a cane toad
 11125 | Lair:1   | Killed a cane toad
 11126 | Lair:1   | Noticed a cane toad
 11136 | Lair:1   | Killed a cane toad
 11137 | Lair:1   | Reached skill level 7 in Fighting
 11137 | Lair:1   | Reached XP level 11. HP: 71/92 MP: 7/17
 11323 | Lair:1   | Reached skill level 8 in Fighting
 11323 | Lair:1   | Upgraded the game from 0.32-a0-306-gfed3edf829 to
                  | 0.32-a0-314-g526f7d4993
 11521 | D:9      | HP: 9/94 [black mamba (8)]
 11863 | D:9      | Reached skill level 5 in Spellcasting
 11958 | Lair:1   | Noticed a seven-headed hydra
 12002 | D:9      | Reached skill level 5 in Conjurations
 12410 | D:10     | Reached skill level 7 in Armour
 12935 | Lair:1   | HP: 8/94 [three-headed hydra (13)]
 12936 | Lair:1   | Slain by a three-headed hydra

Vanquished Creatures
  A two-headed ogre (D:10)
  A black mamba (D:9)
  4 cane toads (Lair:1)
  A gargoyle (D:10)
  2 komodo dragons (Lair:1)
  3 kobold demonologists (D:9)
  2 hornets (D:9)
  7 blink frogs
  2 wyverns
  Eustachio (D:6)
  A basilisk (D:9)
  A wraith (D:10)
  4 yaks (D:9)
  Grum (D:9)
  2 vampire mosquitoes (D:10)
  Menkaure (D:6)
  An acid dragon (D:9)
  4 water moccasins
  2 black bears (D:5)
  2 ogres
  6 centaurs
  2 wolves (D:9)
  7 bullfrogs
  4 kobold brigands
  3 scorpions (D:6)
  3 wights (D:8)
  6 killer bees (D:8)
  2 electric eels (D:6)
  A bombardier beetle (D:3)
  3 gnoll boudas
  A hound (D:5)
  2 jellies (D:8)
  3 orc priests
  Jessica (D:3)
  6 iguanas
  3 sleepcaps
  5 orc wizards
  Robin (D:3)
  11 gnolls
  7 adders
  A shadow imp (D:5)
  2 white imps
  3 ribbon worms
  2 dart slugs
  23 orcs
  8 ball pythons
  7 bats
  7 endoplasms
  2 giant cockroaches
  16 goblins
  5 hobgoblins
  3 jackals (D:1)
  4 quokkas
  3 frilled lizards
  19 kobolds
  4 rats
229 creatures vanquished.

Vanquished Creatures (collateral kills)
  A water moccasin (D:9)
  3 foxfires
4 creatures vanquished.

Vanquished Creatures (others)
  A black mamba (D:9)
  623 foxfires
624 creatures vanquished.

Grand Total: 857 creatures vanquished

Table legend: (Time is in decaauts)
 A = Elapsed time spent in this place.
 B = Non-inter-level travel time spent in this place.
 C = Inter-level travel time spent in this place.
 D = Time resting spent in this place.
 E = Time spent auto-exploring this place.
 F = Levels seen in this place.
 G = Mean time per level.
                   A        B        C        D        E       F      G
               +--------+--------+--------+--------+--------+-----+--------+
         Total |  13050 |  12426 |    624 |   2303 |   8117 |  12 | 1087.5 |
       Dungeon |  12636 |  12013 |    623 |   2282 |   7878 |  10 | 1263.6 |
        Temple |     28 |     28 |      0 |     17 |      0 |   1 |   28.0 |
          Lair |    385 |    385 |      0 |      4 |    239 |   1 |  385.0 |
               +--------+--------+--------+--------+--------+-----+--------+

Top non-repeatable levels by time:
     D:9: 2313 daAuts
     D:8: 1603 daAuts
     D:3: 1305 daAuts
     D:1: 1289 daAuts
    D:10: 1238 daAuts
     D:5: 1186 daAuts
     D:6: 1082 daAuts
     D:4: 909 daAuts
     D:2: 900 daAuts
     D:7: 808 daAuts
  Lair:1: 385 daAuts
  Temple: 28 daAuts

Table legend:
 A = Non-vault XP
 B = Vault XP
 C = Vault XP percentage of total XP
 D = Non-vault monster count
 E = Vault monster count
 F = Vault count percentage of total count
                 A         B        C        D         E       F
            +---------+---------+-------+---------+---------+-------
      Total |   15105 |     949 |   5.9 |     202 |      29 |  12.6
            +---------+---------+-------+---------+---------+-------
        D:1 |      68 |      16 |  19.0 |      24 |       6 |  20.0
        D:2 |      37 |       6 |  14.0 |      12 |       2 |  14.3
        D:3 |     166 |      86 |  34.1 |      17 |      13 |  43.3
        D:4 |     298 |       0 |   0.0 |      19 |       0 |   0.0
        D:5 |     748 |      70 |   8.6 |      13 |       3 |  18.8
        D:6 |     970 |     370 |  27.6 |      28 |       2 |   6.7
        D:7 |     339 |       0 |   0.0 |      11 |       0 |   0.0
        D:8 |    1148 |       0 |   0.0 |      26 |       0 |   0.0
        D:9 |    5486 |     401 |   6.8 |      30 |       3 |   9.1
       D:10 |    2188 |       0 |   0.0 |       9 |       0 |   0.0
     Lair:1 |    3657 |       0 |   0.0 |      13 |       0 |   0.0
            +---------+---------+-------+---------+---------+-------
